 Dungeon Crawl Stone Soup version 0.30-a0-576-g89cddaab80 (webtiles) character file.

Game seed: 2941334406680162045

948 Shayle the Ducker (level 8, 0/51 HPs)
             Began as a Tengu Reaver on Dec 30, 2022.
             Slain by an ice beast (10 damage)
             ... on level 6 of the Dungeon.
             The game lasted 00:11:24 (3503 turns).

Shayle the Ducker (Tengu Reaver)                    Turns: 3503, Time: 00:11:25

Health: 0/51       AC:  4    Str: 20    XL:     8   Next: 13%
Magic:  16/16      EV: 22    Int: 15    God:
Gold:   191        SH:  0    Dex: 12    Spells: 12/16 levels left

rFire   . . .      SeeInvis .    f - +0 war axe
rCold   . . .      Faith    .    (no shield)
rNeg    . . .      Spirit   .    b - +1 leather armour
rPois   .          Reflect  .    (helmet restricted)
rElec   .          Harm     .    (no cloak)
rCorr   .          Rampage  .    (no gloves)
Will    .....                    (boots unavailable)
Stlth   +++                      (no amulet)
HPRegen 0.28/turn                d - +5 ring of evasion
MPRegen 0.15/turn                m - +6 ring of strength

@: flying quickly and evasively, quick
A: beak, talons 3, nimble flight
a: no special abilities


You were on level 6 of the Dungeon.
You visited 1 branch of the dungeon, and saw 6 of its levels.

You collected 191 gold pieces.

Inventory:

Hand Weapons
 a - a +0 short sword
 f - a +0 war axe (weapon)
 i - a +4 sling
Armour
 b - a +1 leather armour (worn)
Jewellery
 d - a +5 ring of evasion (left hand)
 j - a ring of protection from cold
 m - a +6 ring of strength (right hand)
 q - a +6 ring of intelligence
Wands
 h - a wand of flame (14)
 l - a wand of iceblast (10)
Scrolls
 e - 2 scrolls of identify
 g - a scroll of fog
 k - 2 scrolls of enchant weapon
 t - a scroll of acquirement {unknown}
Potions
 c - a potion of might {unknown}
 n - a potion of curing
 r - a potion of lignification {unknown}
 u - a potion of flight {unknown}


   Skills:
 + Level 6.2 Fighting
 - Level 3.2 Short Blades
 + Level 6.9 Dodging
 + Level 6.4 Stealth
 - Level 4.9 Spellcasting
 - Level 4.0 Conjurations
 + Level 6.2 Necromancy
 + Level 4.4 Earth Magic


You had 12 spell levels left.
You knew the following spells:

 Your Spells              Type           Power      Damage    Failure   Level
a - Kiss of Death         Conj/Necr      76%        2d11      2%          1
b - Hailstorm             Conj/Ice       9%         3d4       26%         3

Your spell library contained the following spells:

 Spells                   Type           Power      Damage    Failure   Level
 Momentum Strike          Conj/Tloc      18%        3d8       13%         2


Dungeon Overview and Level Annotations

Branches:
Dungeon (6/15)
 Temple: D:4-7

Altars:

Shops:
D:1 :   D:6 (

Annotations:
D:4 Pikel


Innate Abilities, Weirdness & Mutations

You have a beak for a mouth.
You have claws for feet.
Your magical nature lets you fly swiftly and evasively.


Message History

You hit the scorpion but do no damage. The scorpion stings you.
You are poisoned.
The scorpion poisons you! The scorpion stings you.
You barely miss the scorpion. Your kick misses the scorpion.
You peck the scorpion.
The scorpion is lightly wounded.
You feel very sick. The scorpion misses you. The scorpion barely misses you.
You barely miss the scorpion. Your peck misses the scorpion.
The scorpion is lightly wounded.
You hit the ice beast but do no damage.
You feel sick. The ice beast closely misses you.
The scorpion completely misses you. The ice beast closely misses you.
You hit the scorpion. Your kick misses the scorpion.
The scorpion is moderately wounded.
You hit the ice beast but do no damage.
You feel sick. The scorpion completely misses you.
The ice beast closely misses you. The scorpion barely misses you.
You slash the scorpion! You peck the scorpion.
You kill the scorpion!
You closely miss the ice beast.
You feel sick. The ice beast barely misses you.
The ice beast hits you but does no damage.
You slash the ice beast!
You claw the ice beast, but do no damage.
The ice beast is moderately wounded.
You feel sick.
You are no longer poisoned.
The ice beast hits you. The ice beast freezes you!
You closely miss the ice beast. You peck the ice beast.
The ice beast is moderately wounded.
The ice beast hits you. The ice beast freezes you!
* * * LOW HITPOINT WARNING * * *
The ice beast completely misses you.
You closely miss the ice beast. Your kick misses the ice beast.
You peck the ice beast.
The ice beast is heavily wounded.
The ice beast hits you.
* * * LOW HITPOINT WARNING * * *
The ice beast freezes you!
You die...

##.###..###.. ..
###.......# #.
#.......#.# ##.##
#.#..##.#.# #...#
#.#...#.#.# #...#
#.##......#
#...#######.###.#?######
##.........#.#
#.Y........
.........#.#.#
#@###$..^..
.............# #.#
...... ..)......#.###
#.# Y.... ##)...####.#
... ..... #.........#
..# #### #...#######
#.## #...# #. #..## #.
#.##


You could see an ice beast.

Vanquished Creatures
  A kobold brigand (D:5)
  A necrophage (D:4)
  A scorpion (D:6)
  A jelly (D:3)
  3 hounds (D:6)
  Jessica (D:3)
  An iguana (D:6)
  2 orc wizards
  A gnoll (D:1)
  4 adders
  A shadow imp (D:5)
  A white imp (D:5)
  3 worms (D:2)
  2 dart slugs
  15 orcs
  6 bats
  11 endoplasms
  4 giant cockroaches
  12 goblins
  4 hobgoblins
  7 jackals (D:1)
  3 quokkas
  6 ball pythons
  A frilled lizard (D:1)
  10 kobolds
  5 rats
107 creatures vanquished.

Notes
Turn   | Place    | Note
-------+----------+-------------------------------------------
     0 | D:1      | Shayle the Tengu Reaver began the quest for the Orb.
     0 | D:1      | Reached XP level 1. HP: 12/12 MP: 4/4
    42 | D:1      | Reached XP level 2. HP: 17/17 MP: 6/6
   188 | D:1      | Reached skill level 1 in Stealth
   188 | D:1      | Reached skill level 1 in Necromancy
   232 | D:1      | Reached XP level 3. HP: 4/21 MP: 5/7
   637 | D:1      | Found Hotamif's Book Emporium.
   896 | D:2      | Reached XP level 4. HP: 27/27 MP: 8/8
  1103 | D:2      | Reached skill level 1 in Earth Magic
  1773 | D:3      | Gained mutation: Your magical nature lets you fly swiftly
                  | and evasively. [Tengu growth]
  1773 | D:3      | Reached XP level 5. HP: 32/32 MP: 9/9
  2080 | D:3      | Noticed Jessica
  2086 | D:3      | Killed Jessica
  2213 | D:3      | Found Iqeps's Assorted Antiques.
  2349 | D:4      | Noticed an ogre
  2467 | D:4      | Reached XP level 6. HP: 25/37 MP: 10/10
  2660 | D:4      | Noticed Pikel
  2687 | D:5      | Entered Level 5 of the Dungeon
  2912 | D:5      | Reached XP level 7. HP: 14/46 MP: 10/15
  3184 | D:5      | Learned a level 3 spell: Hailstorm
  3282 | D:6      | Found Jiguxuja's Weapon Shop.
  3380 | D:6      | Reached XP level 8. HP: 26/51 MP: 16/16
  3503 | D:6      | Slain by an ice beast

Illustrated notes

Levels and vault maps discovered:
D:1:      minmay_arrival_four_circles, layout_basic, serial_shops,
          nicolae_shop_behind_doors, minmay_pentomino_x2
D:2:      layout_loops_ring
D:3:      layout_basic, serial_shops, shop_fountains, kennysheep_pointless_box,
          uniq_jessica
D:4:      layout_rooms, minmay_temple_entry_statues_fountains,
          uniq_blork_the_orc, uniq_pikel
D:5:      cheibrodos_barr_body, layout_basic
D:6:      layout_loops_cross, nicolae_take_the_stairs,
          minmay_misc_feat_diagonals, uniq_crazy_yiuf_cottage

Skill      XL: |  1  2  3  4  5  6 |
---------------+-------------------+-----
Stealth        | 1 2 6 |  6.4
Necromancy     | 1 2 6 |  6.2
Dodging        | 3 6 |  6.9
Earth Magic    | 1 4 |  4.4
Fighting       | 3 6 |  6.2
Spellcasting   | 4 |  4.9
Short Blades   | |  3.2
Conjurations   | |  4.0

Action                   |  1- 3 |  4- 6 |  7- 9 || total
-------------------------+-------+-------+-------++-------
Melee: Short sword       |   109 |       |       ||   109
       Kick              |    23 |    10 |    14 ||    47
       Peck              |    13 |     7 |    10 ||    30
       Punch             |     1 |       |     1 ||     2
       War axe           |       |    43 |    52 ||    95
 Fire: Sling             |     1 |   127 |       ||   128
 Cast: Kiss of Death     |     1 |       |       ||     1
  Use: Potion            |       |     2 |     3 ||     5
       Scroll            |       |       |     5 ||     5
 Stab: Sleeping          |       |       |     5 ||     5
Armor: Leather armour    |    25 |    22 |    10 ||    57
Dodge: Dodged            |    67 |    72 |    55 ||   194

Table legend: (Time is in decaauts)
 A = Elapsed time spent in this place.
 B = Non-inter-level travel time spent in this place.
 C = Inter-level travel time spent in this place.
 D = Time resting spent in this place.
 E = Time spent auto-exploring this place.
 F = Levels seen in this place.
 G = Mean time per level.
                   A        B        C        D        E       F      G
               +--------+--------+--------+--------+--------+-----+--------+
         Total |   3485 |   3363 |    122 |    441 |   1954 |   6 |  580.8 |
       Dungeon |   3485 |   3363 |    122 |    441 |   1954 |   6 |  580.8 |
               +--------+--------+--------+--------+--------+-----+--------+

Top non-repeatable levels by time:
     D:3: 868 daAuts
     D:1: 861 daAuts
     D:2: 679 daAuts
     D:5: 537 daAuts
     D:6: 277 daAuts
     D:4: 262 daAuts
